 Dungeon Crawl Stone Soup version 0.29-a0-284-gf9362112df (webtiles) character file.

Game seed: 1546780994061141167

3971 holysushi the Cutter (level 10, -5/77 HPs)
             Began as a Demonspawn Wanderer on Mar 19, 2022.
             Was an Elder of Okawaru.
             Slain by a sun demon (15 damage)
             ... summoned by a kobold demonologist
             ... on level 8 of the Dungeon.
             The game lasted 00:26:34 (10181 turns).

holysushi the Cutter (Demonspawn Wanderer)         Turns: 10181, Time: 00:26:34

Health: -5/77      AC: 13    Str: 18    XL:     10   Next: 2%
Magic:  11/11      EV: 14    Int: 14    God:    Okawaru [****..]
Gold:   515        SH:  0    Dex: 13    Spells: 9/9 levels left

rFire   + . .      SeeInvis .   b - +5 dagger of Fanu {vorpal, rCorr Int+2 Stlth+}
rCold   . . .      Faith    .   (no shield)
rNeg    . . .      Spirit   .   J - +0 steam dragon scales
rPois   .          Reflect  .   h - +1 helmet
rElec   .          Harm     .   l - +1 cloak
rCorr   +          Rampage  .   c - +0 pair of gloves
Will    .....                   (no boots)
Stlth   +++.......              (no amulet)
HPRegen 0.22/turn               m - ring of wizardry
MPRegen 0.12/turn               w - ring of protection from fire

@: no status effects
A: icy blue scales 2, powered by death 1, demonic magic 1, demonic touch 1
a: Renounce Religion, Heroism, Finesse


You were on level 8 of the Dungeon.
You worshipped Okawaru.
Okawaru was greatly pleased with you.
You visited 2 branches of the dungeon, and saw 9 of its levels.

You collected 515 gold pieces.

Inventory:

Hand Weapons
 a - a +2 hand crossbow
 b - the +5 dagger of Fanu (weapon) {vorpal, rCorr Int+2 Stlth+}
   (You took it off a hobgoblin on level 4 of the Dungeon)

   It inflicts extra damage upon your enemies.
   Int:       It affects your intelligence (+2).
   rCorr:     It protects you from acid and corrosion.
   Stlth:     It makes you more stealthy.
 k - a +0 hand axe
 C - a +0 dagger
 I - a +2 broad axe of flaming
Armour
 c - a +0 pair of gloves (worn)
 e - a +0 leather armour
 h - a +1 helmet (worn)
 l - a +1 cloak (worn)
 q - a +0 ring mail
 r - an orb of wrath
 J - +0 steam dragon scales (worn)
 L - a +1 ring mail of positive energy
Jewellery
 m - a ring of wizardry (left hand)
 w - a ring of protection from fire (right hand)
 H - an amulet of magic regeneration
Wands
 p - a wand of iceblast (19)
Scrolls
 g - a scroll of enchant armour
 j - a scroll of amnesia
 n - a scroll of immolation {unknown}
 o - a scroll of silence {unknown}
 s - a scroll of fog {unknown}
 t - a scroll of noise
 u - 2 scrolls of teleportation
 y - a scroll of summoning {unknown}
 E - a scroll of vulnerability {unknown}
 F - a scroll of magic mapping {unknown}
 G - a scroll of holy word {unknown}
 M - 2 scrolls of identify
Potions
 d - 5 potions of attraction
 f - 3 potions of curing
 i - 2 potions of flight
 v - a potion of cancellation
 x - a potion of haste
 z - 3 potions of might
 A - 2 potions of mutation {unknown}
 B - 4 potions of heal wounds {unknown}
 D - a potion of lignification
 K - a potion of ambrosia


   Skills:
 + Level 6.9 Fighting
 * Level 7.3 Short Blades
 - Level 1.7 Axes
 - Level 6.4 Crossbows
 + Level 6.4 Dodging
 - Level 4.0 Stealth
 - Level 2.3 Invocations
 - Level 2.0 Evocations


You had 9 spell levels left.
You didn't know any spells.
Your spell library contained the following spells:

 Spells                   Type           Power      Damage    Failure   Level
 Scorch                   Fire           0%         2d5       17%         2
 Flame Wave               Conj/Fire      0%         2d4       71%         4
 Summon Cactus Giant      Summ           Unusable   N/A       N/A         6

Dungeon Overview and Level Annotations

Branches:
Dungeon (8/15)             Temple (1/1) D:4            Lair (0/6) D:8

Altars:
Ashenzari
Cheibriados
Dithmenos
Elyvilon
Fedhas
Gozag
Hepliaklqana
Kikubaaqudgha
Makhleb
Nemelex Xobeh
Okawaru
Qazlal
Ru
Sif Muna
Trog
Uskayaw
Vehumet
Wu Jian
Xom
Yredelemnul
Zin
The Shining One

Shops:
D:7 :


Innate Abilities, Weirdness & Mutations

You are mostly covered in icy blue scales. (AC +3)
You regenerate a little health from kills.
Spells you cast may paralyse adjacent enemies.
Your touch may inflict minor irresistible damage on your foes.


Message History

The kobold demonologist casts a spell.
The vampire mosquito attacks as you move away!
The vampire mosquito misses you.
The vampire mosquito closely misses you.
The vampire mosquito bites you but does no damage.
The vampire mosquito bites you.
The vampire mosquito draws strength from your injuries!
The vampire mosquito bites you but does no damage.
The vampire mosquito bites you!
The vampire mosquito draws strength from your injuries!
The vampire mosquito barely misses you.
Okay, then.
You barely miss the vampire mosquito.
You touch the vampire mosquito.
The vampire mosquito is lightly damaged.
The vampire mosquito completely misses you.
You puncture the vampire mosquito!
You touch the vampire mosquito.
The vampire mosquito is heavily damaged.
The vampire mosquito closely misses you.
You barely miss the vampire mosquito.
The vampire mosquito is heavily damaged.
The vampire mosquito bites you!
The vampire mosquito draws strength from your injuries!
You hit the vampire mosquito.
You touch the vampire mosquito.
The vampire mosquito is almost destroyed.
The vampire mosquito misses you. The vampire mosquito barely misses you.
Unknown command.
You miss the vampire mosquito.
You touch the vampire mosquito.
You destroy the vampire mosquito!
Okawaru accepts your kill. The sun demon hits you!
* * * LOW HITPOINT WARNING * * *
You are engulfed in flames!
You resist.
* * * LOW HITPOINT WARNING * * *
The kobold demonologist looks satisfied for a moment.
You have reached level 10!
The sun demon attacks as you move away! The sun demon closely misses you.
The kobold demonologist looks braver for a moment.
The sun demon hits you but does no damage.
The sun demon attacks as you move away! The sun demon hits you!
You die...

.........#
#.......###.)...#...
########.#
#.......#....####... #.#
###'#####....# #... #.#
#.##.[.).### #... #.#
###.##.......#.##### #.#
#...####.....#.#
######.###...##....#..#.#
#............##....#....#
#.########..@#...###....#
#..3#.#...#....####
#...#.....#.........
#...#...............
##.########K..#...............
..............####............
######.#####.# #............
#.# #.# #............ #3#
#.####............


You could see a sun demon (summoned) and a kobold demonologist.

Vanquished Creatures
  Joseph (D:7)
  Maggie (D:7)
  Prince Ribbit (D:7)
  2 steam dragons
  A wyvern (D:8)
  A vampire mosquito (D:8)
  A water moccasin (D:5)
  2 orc warriors
  2 sky beasts
  2 black bears
  An ice beast (D:6)
  A centaur (D:8)
  2 phantoms
  2 bullfrogs
  3 necrophages
  A gnoll sergeant (D:5)
  5 scorpions
  2 howler monkeys
  2 jellies
  6 hounds
  A gnoll shaman (D:8)
  2 orc priests (D:8)
  6 orc wizards
  4 iguanas
  10 adders
  11 gnolls
  5 white imps
  A worm (D:1)
  2 dart slugs
  28 orcs
  7 ball pythons
  6 bats
  10 endoplasms
  3 giant cockroaches (D:1)
  9 goblins
  4 hobgoblins
  3 jackals (D:3)
  9 kobolds
  3 quokkas
  3 frilled lizards
  8 rats
174 creatures vanquished.

Vanquished Creatures (others)
  3 plants (Temple)
3 creatures vanquished.

Grand Total: 177 creatures vanquished

Notes
Turn   | Place    | Note
-------+----------+-------------------------------------------
     0 | D:1      | holysushi the Demonspawn Wanderer began the quest for the
                  | Orb.
     0 | D:1      | holysushi set off with the following items: a +2 hand
                  | crossbow, a +0 hand axe, a +0 pair of gloves, a potion of
                  | attraction, a +0 leather armour
     0 | D:1      | Reached XP level 1. HP: 15/15 MP: 1/1
   241 | D:1      | Gained mutation: Spells you cast may paralyse adjacent
                  | enemies. [demonic ancestry]
   241 | D:1      | Reached XP level 2. HP: 21/21 MP: 2/2
   472 | D:1      | Reached skill level 1 in Stealth
   802 | D:1      | Gained mutation: Your touch may inflict minor irresistible
                  | damage on your foes. [demonic ancestry]
   802 | D:1      | Reached XP level 3. HP: 27/27 MP: 3/3
  1149 | D:2      | Found a faded altar of an unknown god.
  1376 | D:2      | Identified the +8 whip of Ragnarok {venom, rC+}
  1690 | D:3      | Found a snail-covered altar of Cheibriados.
  1741 | D:3      | Reached XP level 4. HP: 29/33 MP: 4/4
  1793 | D:3      | Reached skill level 5 in Crossbows
  2559 | D:4      | Noticed a phantom
  2587 | D:4      | Gained mutation: You are partially covered in icy blue
                  | scales. (AC +2) [demonic ancestry]
  2587 | D:4      | Reached XP level 5. HP: 9/39 MP: 5/5
  2609 | D:4      | Killed a phantom
  3028 | D:4      | Found a staircase to the Ecumenical Temple.
  3074 | Temple   | Entered the Ecumenical Temple
  3476 | Temple   | Became a worshipper of Warmaster Okawaru
  3644 | D:4      | Identified the +5 dagger of Fanu {vorpal, rCorr Int+2
                  | Stlth+}
  3853 | D:4      | Reached XP level 6. HP: 47/47 MP: 6/6
  4117 | D:5      | Entered Level 5 of the Dungeon
  4286 | D:5      | Reached skill level 1 in Short Blades
  4757 | D:5      | Reached * piety under Okawaru
  4758 | D:5      | Gained mutation: You regenerate a little health from kills.
                  | [demonic ancestry]
  4758 | D:5      | Reached XP level 7. HP: 48/52 MP: 7/7
  5231 | D:5      | Reached skill level 2 in Short Blades
  5370 | D:5      | Reached skill level 1 in Invocations
  5617 | D:5      | Reached ** piety under Okawaru
  5618 | D:5      | Reached skill level 3 in Short Blades
  5618 | D:5      | Reached XP level 8. HP: 54/61 MP: 9/9
  5982 | D:6      | Reached skill level 4 in Short Blades
  6037 | D:6      | Reached skill level 5 in Fighting
  6597 | D:6      | Reached skill level 5 in Dodging
  6659 | D:6      | Reached skill level 5 in Short Blades
  6659 | D:6      | Reached skill level 1 in Evocations
  7043 | D:7      | Found Bitz's Self-Improvement Boutique.
  7070 | D:7      | Gained mutation: You are mostly covered in icy blue scales.
                  | (AC +3) [demonic ancestry]
  7070 | D:7      | Reached XP level 9. HP: 65/68 MP: 10/10
  7084 | D:7      | Noticed Maggie
  7098 | D:7      | Killed Maggie
  7098 | D:7      | Reached *** piety under Okawaru
  7687 | D:7      | Noticed Prince Ribbit
  7695 | D:7      | Killed Prince Ribbit
  7696 | D:7      | Reached skill level 6 in Short Blades
  7716 | D:7      | Noticed Joseph
  8543 | D:7      | HP: 3/67 [orc warrior/+0 halberd (14)]
  9056 | D:7      | Killed Joseph
  9755 | D:8      | Reached skill level 7 in Short Blades
  9759 | D:8      | Found a staircase to the Lair.
 10037 | D:8      | Reached **** piety under Okawaru
 10159 | D:8      | Noticed a kobold demonologist
 10166 | D:8      | Noticed a sun demon
 10166 | D:8      | Noticed a hellwing
 10178 | D:8      | Reached XP level 10. HP: 9/77 MP: 11/11
 10181 | D:8      | Slain by a sun demon

Illustrated notes

Levels and vault maps discovered:
D:1:      dpeg_arrival_orchard, layout_loops_ring, minmay_quantized
D:2:      layout_basic, basic_ecumenical_altar, mrwooster_statue_mirror
D:3:      layout_basic, mainiacjoe_overflow_boulevard
D:4:      layout_loops_ring, minmay_temple_entry_glassed_door, nrook_uturn,
          nrook_campfire, minmay_surrounded
D:5:      layout_gridville
D:6:      layout_gridville
D:7:      layout_basic, wad_floor_pattern_2, serial_bayou_pond_d,
          nicolae_shop_self_help, uniq_prince_ribbit1, uniq_maggie, uniq_joseph
D:8:      layout_basic, lair_entry_dummy, hangedman_decor_push,
          minmay_the_grid_2x2 [minmay_the_grid_expand, minmay_the_grid_odd_star,
          minmay_the_grid_medium_cups, minmay_the_grid_prize_four_corners]
Temple:   mainiacjoe_temple_circle_huts

Skill      XL: |  1  2  3  4  5  6  7  8  9 |
---------------+----------------------------+-----
Dodging        | 2 3 4 5 6 |  6.4
Stealth        | 1 2 4 |  4.0
Fighting       | 2 3 4 5 6 |  6.9
Crossbows      | 5 6 |  6.4
Short Blades   | 1 3 5 7 |  7.3
Invocations    | 2 |  2.3
Evocations     | 1 2 |  2.0
Axes           | |  1.7

Action                   |  1- 3 |  4- 6 |  7- 9 | 10-12 || total
-------------------------+-------+-------+-------+-------++-------
Melee: Dagger            |    27 |   140 |   339 |       ||   506
       Touch             |     3 |    25 |    76 |       ||   104
       Punch             |     1 |     2 |     2 |       ||     5
       Hand axe          |       |     4 |       |       ||     4
 Fire: Hand crossbow     |    91 |    70 |    34 |       ||   195
Invok: Heroism           |       |       |     2 |       ||     2
  Use: Scroll            |     3 |     2 |     8 |       ||    13
       Potion            |       |     2 |     2 |       ||     4
 Stab: Invisible         |       |     4 |       |       ||     4
       Sleeping          |       |     1 |    17 |       ||    18
Armor: Leather armour    |    24 |    73 |    57 |       ||   154
       Steam dragon scal |       |       |    43 |     1 ||    44
Dodge: Dodged            |    40 |   124 |   185 |     1 ||   350

Table legend: (Time is in decaauts)
 A = Elapsed time spent in this place.
 B = Non-inter-level travel time spent in this place.
 C = Inter-level travel time spent in this place.
 D = Time resting spent in this place.
 E = Time spent auto-exploring this place.
 F = Levels seen in this place.
 G = Mean time per level.
                   A        B        C        D        E       F      G
               +--------+--------+--------+--------+--------+-----+--------+
         Total |  10129 |   9616 |    513 |   2526 |   5028 |   9 | 1125.4 |
       Dungeon |   9688 |   9261 |    427 |   2526 |   4757 |   8 | 1211.0 |
        Temple |    441 |    355 |     86 |      0 |    271 |   1 |  441.0 |
               +--------+--------+--------+--------+--------+-----+--------+

Top non-repeatable levels by time:
     D:5: 1793 daAuts
     D:6: 1663 daAuts
     D:7: 1638 daAuts
     D:3: 1079 daAuts
     D:4: 1036 daAuts
     D:1: 970 daAuts
     D:2: 761 daAuts
     D:8: 744 daAuts
  Temple: 441 daAuts
